 Dungeon Crawl Stone Soup version 0.31.0-9-g3a7656b989 (webtiles) character file.

Game seed: 3848333292885661086

39193 qw the Spry (level 13, -23/67 HPs)
             Began as a Spriggan Hunter on Feb 3, 2024.
             Was the Champion of Okawaru.
             Annihilated by a catoblepas (25 damage)
             ... on level 5 of the Lair of Beasts.
             The game lasted 00:04:30 (12066 turns).

qw the Spry (Spriggan Hunter)                      Turns: 12066, Time: 00:04:31

Health: -23/67     AC:  8    Str:  7    XL:     13   Next: 67%
Magic:  21/21      EV: 38    Int: 12    God:    Okawaru [******]
Gold:   404        SH:  0    Dex: 22    Spells: 12/12 levels left

rFire   + . .        v - +1 arbalest (heavy)
rCold   . . .        (shield currently unavailable)
rNeg    . . .        j - +2 robe {rF+}
rPois   .            (helmet restricted)
rElec   .            r - scarf {repulsion}
rCorr   .            (gloves unavailable)
SInv    +            (boots unavailable)
Will    ++...        p - amulet of regeneration
Stlth   ++           b - +5 ring of evasion
HPRegen 1.11/turn    i - +4 ring of protection
MPRegen 0.17/turn

%: repel missiles
@: about to teleport, very quick
A: very small, no large weapons, unfitting armour, see invisible, speed 3
a: Renounce Religion, Heroism, Finesse, Duel


You were on level 5 of the Lair of Beasts.
You worshipped Okawaru.
Okawaru was exalted by your worship.
You visited 3 branches of the dungeon, and saw 14 of its levels.

You collected 869 gold pieces.
You spent 465 gold pieces at shops.


Innate Abilities, Weirdness & Mutations

You are very small and have problems with some larger weapons.
You are too small for most types of armour.
You have supernaturally acute eyesight. (SInv)
You cover ground extremely quickly. (Speed+++)


   Skills:
 - Level 7.0 Fighting
 - Level 16.0 Ranged Weapons
 + Level 16.8 Dodging
 - Level 1.5 Stealth
 - Level 10.0 Invocations


You had 12 spell levels left.
You didn't know any spells.
Your spell library was empty.

Inventory:

Hand Weapons
 v - a +1 heavy arbalest (weapon)
Armour
 c - the +3 robe of Clouds {*Thunder rCloud rElec}
   (Okawaru gifted it to you on level 5 of the Lair of Beasts)

   *Thunder:  It occasionally creates storm clouds above nearby enemies.
   rCloud:    It grants its wearer immunity to clouds.
   rElec:     It insulates you from electricity.
 j - a +2 robe of fire resistance (worn)
 q - a +2 cloak
 r - a scarf of repulsion (worn)
Jewellery
 b - a +5 ring of evasion (left hand)
 i - a +4 ring of protection (right hand)
 p - an amulet of regeneration (around neck)
 Y - a ring of protection from fire
Wands
 a - a wand of charming (6)
 e - a wand of digging (8)
 k - a wand of mindburst (31)
 o - a wand of roots (7)
Scrolls
 u - a scroll of teleportation
Potions
 d - 2 potions of curing
 g - a potion of resistance
 h - a potion of magic
 l - 2 potions of might
 m - 2 potions of heal wounds
 n - a potion of haste
 s - 2 potions of enlightenment
 t - a potion of mutation {unknown}

Dungeon Overview and Level Annotations

Branches:
Dungeon (8/15)             Temple (1/1) D:5            Lair (5/5) D:8
 Shoals (0/4) Lair:3       Spider (0/4) Lair:3        Slime (0/5) Lair:5

Altars:
Ashenzari
Cheibriados
Dithmenos
Elyvilon
Fedhas
Gozag
Kikubaaqudgha
Makhleb
Nemelex Xobeh
Okawaru
Qazlal
Ru
Sif Muna
Trog
Uskayaw
Vehumet
Wu Jian
Xom
Yredelemnul
Zin
The Shining One
Jiyva

Shops:
D:8 *

Annotations:
Lair:4 2 transporters, qw's ghost, journeyman DjHu


Message History

The blast of calcifying dust hits you.
12054 ||| Stepping ~*~*~tactically~*~*~ (cloud).
The catoblepas breathes a plume of calcifying dust at you.
The blast of calcifying dust hits you!
12055 ||| Stepping ~*~*~tactically~*~*~ (cloud).
You start resting.
A catoblepas is nearby!
You shoot a bolt. The bolt hits the catoblepas!!
The catoblepas is moderately wounded.
The catoblepas completely misses you.
You shoot a bolt. The bolt hits the catoblepas!!
The catoblepas is severely wounded.
The catoblepas misses you. The catoblepas gores you!
You shoot a bolt. The bolt hits the catoblepas.
The catoblepas is severely wounded.
The catoblepas misses you.
You shoot a bolt.
The bolt hits the catoblepas but does no damage.
The catoblepas is severely wounded.
The catoblepas breathes a plume of calcifying dust at you.
The blast of calcifying dust hits you but does no damage.
The catoblepas gores you!!
12061 ||| Stepping ~*~*~tactically~*~*~ (cloud).
The catoblepas breathes a plume of calcifying dust at you.
The blast of calcifying dust hits you.
12062 ||| Stepping ~*~*~tactically~*~*~ (cloud).
You start resting.
There are monsters nearby!
You shoot a bolt.
The bolt completely misses the catoblepas.
The death yak bellows!
The catoblepas misses you. The catoblepas completely misses you.
You shoot a bolt. The bolt hits the catoblepas!!
The catoblepas is almost dead.
The catoblepas gores you! The catoblepas gores you!!
12066 ||| READING 2 scrolls of teleportation.
As you read the scroll of teleportation, it crumbles to dust.
You feel strangely unstable. The catoblepas gores you!!
You die...

##P%.## #... .# #..
##.....###..###.# #..
#.#....##...#...## ##.P
###.....#P..#...(### #...
#....##...#...##.## #...
##....# #..#Y###P..##
##..
#.....###P..(..#....##
##.
###....###.........#.#
#..
#....##@#..........###..
#...####Y...#.....P##...
#...# ##..P###.#..##..#
##...## ######.......##..
#.....###.####...#..P##..
##.##.##.....#...#...##..
####.##.....#####..###..
#..##.....##)%%..# #..
#...#.....#......# #..


You could see a death yak and a catoblepas.

Vanquished Creatures
  2 hydras
  A boulder beetle (Lair:5)
  2 death yaks
  Nergalle (Lair:3)
  Sonja (Lair:2)
  2 skysharks
  Amaemon (Lair:2)
  A lindwurm (Lair:5)
  Maurice (D:7)
  A manticore (Lair:5)
  2 merfolk sirens (Lair:3)
  4 elephants
  6 black mambas
  2 torpor snails (Lair:5)
  16 cane toads
  An orange demon (Lair:2)
  7 komodo dragons
  2 ice devils (Lair:2)
  2 rime drakes
  A merfolk (Lair:3)
  2 polar bears
  A hornet (D:8)
  Prince Ribbit (D:7)
  18 blink frogs
  10 dream sheep
  7 wyverns
  42 yaks
  A steam dragon (Lair:3)
  A basilisk (Lair:5)
  An acid dragon (D:8)
  18 water moccasins
  An orc warrior (D:8)
  A sky beast (D:6)
  An ice beast (D:7)
  3 black bears
  2 ogres
  12 wolves
  2 centaurs
  2 phantoms
  2 kobold brigands (D:8)
  9 bullfrogs
  4 necrophages (D:4)
  3 scorpions (Lair:3)
  5 wights (D:4)
  A howler monkey (D:6)
  2 electric eels (Lair:3)
  A bombardier beetle (D:4)
  2 centaur zombies (D:4)
  2 hounds
  A human zombie (D:4)
  6 orc priests
  A jelly (D:6)
  5 iguanas
  8 orc wizards
  A scorpion zombie (D:4)
  A hell rat (Lair:5)
  A hound skeleton (D:4)
  9 adders
  8 gnolls
  2 shadow imps
  2 white imps (D:6)
  6 ufetubi
  An adder zombie (D:4)
  2 adder skeletons (D:4)
  4 ribbon worms
  A dart slug (D:1)
  31 orcs
  5 ball pythons
  6 endoplasms
  9 giant cockroaches
  6 hobgoblins
  8 jackals
  14 kobolds
  A quokka (D:4)
  4 bats
  A frilled lizard (D:1)
  8 goblins
  A quokka zombie (D:4)
  5 rats
371 creatures vanquished.

Vanquished Creatures (others)
  An orc wizard (D:4)
1 creature vanquished.

Grand Total: 372 creatures vanquished

Notes
Turn   | Place    | Note
-------+----------+-------------------------------------------
     0 | D:1      | qw the Spriggan Hunter began the quest for the Orb.
     0 | D:1      | Reached XP level 1. HP: 10/10 MP: 2/2
     0 | D:1      | 0 ||| qw: Version: 0.3-a-155-g5e7d8dd
     0 | D:1      | 0 ||| qw: Game counter: 2924
     0 | D:1      | 0 ||| qw: Melee chars always use a shield: true
     0 | D:1      | 0 ||| qw: God list: Okawaru
     0 | D:1      | 0 ||| qw: Allow faded altars: false
     0 | D:1      | 0 ||| qw: Do Orc after clearing Dungeon:15 true
     0 | D:1      | 0 ||| qw: Do second Lair branch before Depths: true
     0 | D:1      | 0 ||| qw: Lair rune preference: random
     0 | D:1      | 0 ||| qw: Goals: Normal
     0 | D:1      | 0 ||| PLANNING D:1-11
    29 | D:1      | Reached skill level 3 in Dodging
    46 | D:1      | Reached XP level 2. HP: 14/14 MP: 3/3
   526 | D:1      | Reached XP level 3. HP: 18/18 MP: 4/4
   727 | D:1      | Found a faded altar of an unknown god.
   965 | D:1      | 965 ||| UPGRADING to +6 ring of strength.
   966 | D:1      | 966 ||| UPGRADING to ring of protection from fire.
   967 | D:1      | 967 ||| READING scroll labelled ROACUL RAG NEC.
   967 | D:1      | 967 ||| ENCHANTING +0 shortbow.
   968 | D:1      | 968 ||| READING scroll labelled BAOHORENEF.
   973 | D:1      | 973 ||| READING 3 scrolls labelled SUER WEEDO.
   973 | D:1      | 973 ||| IDENTIFYING bubbling grey potion
   974 | D:1      | 974 ||| READING 2 scrolls of identify.
   974 | D:1      | 974 ||| IDENTIFYING fuming cyan potion
   975 | D:1      | 975 ||| READING scroll of identify.
   975 | D:1      | 975 ||| IDENTIFYING 2 ruby potions
   976 | D:1      | 976 ||| DROPPING scroll of butterflies.
   977 | D:1      | 977 ||| DROPPING potion of degeneration.
   978 | D:1      | 978 ||| DROPPING 2 potions of attraction.
  1337 | D:2      | 1337 ||| READING 3 scrolls of enchant weapon.
  1337 | D:2      | 1337 ||| ENCHANTING +1 shortbow.
  1338 | D:2      | 1338 ||| READING 2 scrolls of enchant weapon.
  1338 | D:2      | 1338 ||| ENCHANTING +2 shortbow.
  1339 | D:2      | 1339 ||| READING scroll of enchant weapon.
  1339 | D:2      | 1339 ||| ENCHANTING +3 shortbow.
  1706 | D:2      | 1706 ||| READING scroll of identify.
  1706 | D:2      | 1706 ||| IDENTIFYING green potion
  1707 | D:2      | 1707 ||| READING scroll labelled CUS TOFACIW.
  1808 | D:2      | 1808 ||| READING scroll labelled ELYABR BUMODU.
  1809 | D:2      | 1809 ||| READING 2 scrolls labelled POJ MYBEDIDOM.
  1810 | D:2      | 1810 ||| DROPPING scroll of blinking.
  1811 | D:2      | 1811 ||| DROPPING potion of brilliance.
  1877 | D:3      | Found a radiant altar of Vehumet.
  1947 | D:3      | Reached XP level 4. HP: 20/22 MP: 5/5
  2038 | D:3      | Reached XP level 5. HP: 26/26 MP: 6/6
  2490 | D:3      | 2490 ||| UPGRADING to +4 ring of protection.
  2492 | D:3      | 2492 ||| DROPPING ring of resist corrosion.
  2493 | D:3      | 2493 ||| READING scroll labelled ILITYZ NILIUSS.
  2494 | D:3      | 2494 ||| READING scroll labelled SIOCOC SEEFUTO.
  2518 | D:4      | 2518 ||| RETREEEEATING.
  2524 | D:4      | HP: 4/25 [wight/+0 scimitar (9)]
  2525 | D:4      | 2525 ||| READING scroll of teleportation.
  2526 | D:4      | 2526 ||| DRINKING potion of heal wounds.
  2539 | D:4      | Reached skill level 6 in Ranged Weapons
  2748 | D:4      | Noticed a phantom
  2758 | D:4      | Killed a phantom
  2759 | D:4      | Reached skill level 6 in Dodging
  2759 | D:4      | Reached XP level 6. HP: 27/30 MP: 7/7
  2772 | D:4      | Found an ancient bone altar of Kikubaaqudgha.
  2893 | D:4      | Reached XP level 7. HP: 31/35 MP: 8/8
  2961 | D:4      | 2961 ||| READING scroll of enchant weapon.
  2961 | D:4      | 2961 ||| ENCHANTING +4 shortbow.
  3162 | D:4      | 3162 ||| FLEEEEING.
  3297 | D:4      | 3297 ||| SWAPPING to +0 orcbow.
  3298 | D:4      | 3298 ||| DROPPING +5 shortbow.
  3375 | D:4      | Found a basalt altar of Yredelemnul.
  3421 | D:4      | Reached skill level 3 in Fighting
  3421 | D:4      | Reached XP level 8. HP: 40/40 MP: 9/9
  3762 | D:4      | 3762 ||| UPGRADING to +5 ring of evasion.
  3764 | D:4      | 3764 ||| DROPPING +6 ring of strength.
  3765 | D:4      | 3765 ||| UPGRADING to +4 ring of protection.
  3767 | D:4      | 3767 ||| READING scroll of identify.
  3767 | D:4      | 3767 ||| IDENTIFYING metallic ruby potion
  3790 | D:5      | Entered Level 5 of the Dungeon
  3963 | D:5      | Identified the +5 whip of Rubbish {drain, rPois Dex+4}
  4145 | D:5      | Found a staircase to the Ecumenical Temple.
  4146 | D:5      | 4146 ||| PLANNING TEMPLE
  4146 | D:5      | 4146 ||| READING scroll labelled ZAASOMO OQEOKK.
  4146 | D:5      | 4146 ||| BRANDING +0 orcbow.
  4155 | Temple   | Entered the Ecumenical Temple
  4156 | Temple   | 4156 ||| PLANNING OKAWARU WORSHIP
  4168 | Temple   | Became a worshipper of Warmaster Okawaru
  4169 | Temple   | 4169 ||| PLANNING D:1-11
  4432 | D:6      | Reached skill level 9 in Ranged Weapons
  4557 | D:6      | Reached skill level 9 in Dodging
  4599 | D:6      | Identified the +1 flail of Bodily Harmony {venom, rCorr
                  | Str+3 Int-3}
  4731 | D:6      | 4731 ||| FLEEEEING.
  4732 | D:6      | 4732 ||| FLEEEEING.
  4840 | D:6      | Found a blossoming altar of Fedhas.
  5044 | D:6      | 5044 ||| READING 2 scrolls of identify.
  5044 | D:6      | 5044 ||| IDENTIFYING clear potion
  5045 | D:6      | 5045 ||| READING scroll of identify.
  5045 | D:6      | 5045 ||| IDENTIFYING dark potion
  5046 | D:6      | 5046 ||| READING scroll labelled ANUM DOG SEN.
  5147 | D:6      | 5147 ||| DRINKING 2 golden potions.
  5148 | D:6      | 5148 ||| DROPPING potion of ambrosia.
  5178 | D:7      | 5178 ||| STAIRDANCE
  5202 | D:7      | Reached * piety under Okawaru
  5203 | D:7      | Reached XP level 9. HP: 44/44 MP: 10/10
  5275 | D:7      | Noticed Maurice
  5276 | D:7      | 5276 ||| INVOKING Heroism.
  5289 | D:7      | Killed Maurice
  5347 | D:7      | Reached skill level 1 in Invocations
  5388 | D:7      | 5388 ||| READING scroll of enchant weapon.
  5388 | D:7      | 5388 ||| ENCHANTING +0 orcbow of draining.
  5414 | D:7      | Noticed Prince Ribbit
  5421 | D:7      | Killed Prince Ribbit
  5421 | D:7      | Reached ** piety under Okawaru
  5617 | D:7      | Reached skill level 3 in Invocations
  5622 | D:7      | Found an ornate altar of the Wu Jian Council.
  5630 | D:7      | Found a bloodstained altar of Trog.
  5631 | D:7      | Found a shadowy altar of Dithmenos.
  5757 | D:7      | Found a shimmering altar of Xom.
  5883 | D:7      | 5883 ||| UPGRADING to +0 cloak.
  5888 | D:7      | 5888 ||| READING scroll of identify.
  5888 | D:7      | 5888 ||| IDENTIFYING fizzy pink potion
  5889 | D:7      | 5889 ||| READING scroll labelled KAPRUE RYAJE.
  5890 | D:7      | 5890 ||| DROPPING potion of lignification.
  5984 | D:8      | Found Rogg's Assorted Antiques.
  5989 | D:8      | 5989 ||| BUYING jewelled silver wand (124 gold).
  5989 | D:8      | Bought a jewelled silver wand for 124 gold pieces
  5989 | D:8      | 5989 ||| BUYING potion of heal wounds (155 gold).
  5989 | D:8      | Bought a potion of heal wounds for 155 gold pieces
  5989 | D:8      | 5989 ||| BUYING runed sapphire ring (155 gold).
  5989 | D:8      | Bought a runed sapphire ring for 155 gold pieces
  5989 | D:8      | 5989 ||| BUYING scroll labelled LALALOA RAEVA (31 gold).
  5989 | D:8      | Bought a scroll labelled LALALOA RAEVA for 31 gold pieces
  5989 | D:8      | 5989 ||| SHOPLISTING scroll of brand weapon (294 gold, have
                  | 6).
  6350 | D:8      | Reached *** piety under Okawaru
  6370 | D:8      | 6370 ||| RETREEEEATING.
  6371 | D:8      | 6371 ||| RETREEEEATING.
  6373 | D:8      | 6373 ||| RETREEEEATING.
  6380 | D:8      | 6380 ||| RETREEEEATING.
  6382 | D:8      | Reached XP level 10. HP: 49/49 MP: 14/14
  6388 | D:8      | 6388 ||| RETREEEEATING.
  6389 | D:8      | 6389 ||| RETREEEEATING.
  6390 | D:8      | 6390 ||| RETREEEEATING.
  6391 | D:8      | 6391 ||| RETREEEEATING.
  6392 | D:8      | 6392 ||| FLEEEEING.
  6393 | D:8      | 6393 ||| FLEEEEING.
  6394 | D:8      | 6394 ||| RETREEEEATING.
  6395 | D:8      | 6395 ||| RETREEEEATING.
  6396 | D:8      | 6396 ||| RETREEEEATING.
  6397 | D:8      | 6397 ||| RETREEEEATING.
  6398 | D:8      | 6398 ||| RETREEEEATING.
  6399 | D:8      | 6399 ||| RETREEEEATING.
  6400 | D:8      | 6400 ||| RETREEEEATING.
  6401 | D:8      | 6401 ||| RETREEEEATING.
  6403 | D:8      | 6403 ||| RETREEEEATING.
  6404 | D:8      | 6404 ||| RETREEEEATING.
  6406 | D:8      | 6406 ||| RETREEEEATING.
  6408 | D:8      | 6408 ||| RETREEEEATING.
  6409 | D:8      | 6409 ||| RETREEEEATING.
  6410 | D:8      | 6410 ||| RETREEEEATING.
  6560 | D:8      | Reached skill level 12 in Dodging
  6637 | D:8      | Found a staircase to the Lair.
  6822 | D:8      | Reached **** piety under Okawaru
  6999 | D:8      | 6999 ||| PLANNING LAIR
  6999 | D:8      | 6999 ||| UPGRADING to +1 cloak.
  7009 | D:8      | 7009 ||| DROPPING +0 cloak.
  7010 | D:8      | 7010 ||| UPGRADING to amulet of regeneration.
  7015 | D:8      | 7015 ||| DROPPING ring of see invisible.
  7016 | D:8      | 7016 ||| READING scroll labelled LALALOA RAEVA.
  7017 | D:8      | 7017 ||| DROPPING wand of flame (4).
  7019 | D:8      | 7019 ||| Stepping ~*~*~tactically~*~*~ (cloud).
  7085 | Lair:1   | Entered Level 1 of the Lair of Beasts
  7142 | Lair:1   | Noticed a black mamba
  7143 | Lair:1   | 7143 ||| INVOKING Finesse.
  7154 | Lair:1   | Killed a black mamba
  7248 | Lair:1   | Reached skill level 12 in Ranged Weapons
  7391 | Lair:1   | 7391 ||| RETREEEEATING.
  7395 | Lair:1   | 7395 ||| RETREEEEATING.
  7401 | Lair:1   | 7401 ||| RETREEEEATING.
  7407 | Lair:1   | 7407 ||| RETREEEEATING.
  7409 | Lair:1   | 7409 ||| RETREEEEATING.
  7410 | Lair:1   | 7410 ||| RETREEEEATING.
  7431 | Lair:1   | Reached ***** piety under Okawaru
  7484 | Lair:1   | Noticed a skyshark
  7485 | Lair:1   | 7485 ||| INVOKING Finesse.
  7498 | Lair:1   | Killed a skyshark
  7499 | Lair:1   | Reached skill level 6 in Invocations
  7725 | Lair:1   | Reached XP level 11. HP: 56/56 MP: 16/16
  7744 | Lair:1   | 7744 ||| RETREEEEATING.
  7745 | Lair:1   | 7745 ||| RETREEEEATING.
  7746 | Lair:1   | 7746 ||| RETREEEEATING.
  7747 | Lair:1   | 7747 ||| RETREEEEATING.
  7748 | Lair:1   | 7748 ||| RETREEEEATING.
  7749 | Lair:1   | 7749 ||| RETREEEEATING.
  7750 | Lair:1   | 7750 ||| RETREEEEATING.
  7751 | Lair:1   | 7751 ||| RETREEEEATING.
  7752 | Lair:1   | 7752 ||| INVOKING Finesse.
  8131 | Lair:1   | 8131 ||| DROPPING scarf of shadows.
  8132 | Lair:1   | 8132 ||| READING scroll of identify.
  8132 | Lair:1   | 8132 ||| IDENTIFYING white potion
  8232 | Lair:2   | HP: 14/56 [yak (8)]
  8233 | Lair:2   | 8233 ||| READING 2 scrolls of teleportation.
  8294 | Lair:2   | 8294 ||| RETREEEEATING.
  8296 | Lair:2   | 8296 ||| RETREEEEATING.
  8299 | Lair:2   | 8299 ||| RETREEEEATING.
  8304 | Lair:2   | 8304 ||| RETREEEEATING.
  8305 | Lair:2   | 8305 ||| RETREEEEATING.
  8306 | Lair:2   | 8306 ||| RETREEEEATING.
  8307 | Lair:2   | 8307 ||| RETREEEEATING.
  8308 | Lair:2   | 8308 ||| RETREEEEATING.
  8322 | Lair:2   | Received a gift from Okawaru
  8428 | Lair:2   | Noticed Amaemon
  8429 | Lair:2   | 8429 ||| INVOKING Finesse.
  8443 | Lair:2   | 8443 ||| RETREEEEATING.
  8444 | Lair:2   | 8444 ||| RETREEEEATING.
  8445 | Lair:2   | 8445 ||| RETREEEEATING.
  8446 | Lair:2   | 8446 ||| RETREEEEATING.
  8447 | Lair:2   | 8447 ||| RETREEEEATING.
  8448 | Lair:2   | 8448 ||| RETREEEEATING.
  8449 | Lair:2   | 8449 ||| RETREEEEATING.
  8450 | Lair:2   | 8450 ||| RETREEEEATING.
  8451 | Lair:2   | 8451 ||| RETREEEEATING.
  8452 | Lair:2   | 8452 ||| RETREEEEATING.
  8453 | Lair:2   | 8453 ||| RETREEEEATING.
  8457 | Lair:2   | HP: 10/56 [poisoned by orange demon (concentrated venom)]
  8458 | Lair:2   | 8458 ||| READING scroll of teleportation.
  8458 | Lair:2   | HP: 3/56 [poisoned by orange demon (concentrated venom)]
  8459 | Lair:2   | 8459 ||| DRINKING 2 potions of heal wounds.
  8463 | Lair:2   | 8463 ||| INVOKING Finesse.
  8740 | Lair:2   | 8740 ||| INVOKING Finesse.
  8749 | Lair:2   | Killed Amaemon
  8937 | Lair:2   | Noticed Sonja
  8938 | Lair:2   | 8938 ||| INVOKING Finesse.
  8954 | Lair:2   | Killed Sonja
  9106 | Lair:2   | Reached skill level 9 in Invocations
  9345 | Lair:2   | 9345 ||| READING 2 scrolls of identify.
  9345 | Lair:2   | 9345 ||| IDENTIFYING red potion
  9346 | Lair:2   | 9346 ||| READING scroll of identify.
  9346 | Lair:2   | 9346 ||| IDENTIFYING purple potion
  9347 | Lair:2   | 9347 ||| READING scroll labelled XIOSIR BOMUCW.
  9347 | Lair:2   | 9347 ||| ENCHANTING +1 cloak.
  9348 | Lair:2   | 9348 ||| DROPPING potion of invisibility.
  9473 | Lair:3   | Noticed Nergalle
  9477 | Lair:3   | 9477 ||| ZAPPING wand of light (2) at -1,-5 (Nergalle;
                  | floor).
  9478 | Lair:3   | 9478 ||| ZAPPING wand of light (1) at 0,-4 (Nergalle;
                  | floor).
  9478 | Lair:3   | Received a gift from Okawaru
  9479 | Lair:3   | 9479 ||| INVOKING Finesse.
  9496 | Lair:3   | Killed Nergalle
  9497 | Lair:3   | Reached XP level 12. HP: 50/60 MP: 14/20
  9555 | Lair:3   | Found a hole to the Spider Nest.
  9735 | Lair:3   | Found a staircase to the Shoals.
 10088 | Lair:3   | Noticed a seven-headed hydra
 10089 | Lair:3   | 10089 ||| INVOKING Finesse.
 10095 | Lair:3   | Killed a seven-headed hydra
 10137 | Lair:3   | Received a gift from Okawaru
 10153 | Lair:3   | 10153 ||| RETREEEEATING.
 10154 | Lair:3   | 10154 ||| RETREEEEATING.
 10155 | Lair:3   | 10155 ||| RETREEEEATING.
 10157 | Lair:3   | 10157 ||| RETREEEEATING.
 10158 | Lair:3   | 10158 ||| RETREEEEATING.
 10159 | Lair:3   | 10159 ||| RETREEEEATING.
 10160 | Lair:3   | 10160 ||| RETREEEEATING.
 10161 | Lair:3   | 10161 ||| RETREEEEATING.
 10162 | Lair:3   | 10162 ||| RETREEEEATING.
 10163 | Lair:3   | 10163 ||| RETREEEEATING.
 10164 | Lair:3   | 10164 ||| RETREEEEATING.
 10165 | Lair:3   | 10165 ||| RETREEEEATING.
 10167 | Lair:3   | 10167 ||| RETREEEEATING.
 10169 | Lair:3   | 10169 ||| RETREEEEATING.
 10170 | Lair:3   | 10170 ||| RETREEEEATING.
 10171 | Lair:3   | 10171 ||| RETREEEEATING.
 10173 | Lair:3   | 10173 ||| RETREEEEATING.
 10174 | Lair:3   | 10174 ||| RETREEEEATING.
 10175 | Lair:3   | 10175 ||| RETREEEEATING.
 10187 | Lair:3   | Reached skill level 6 in Fighting
 10382 | Lair:3   | 10382 ||| UPGRADING to +2 robe of fire resistance.
 10392 | Lair:3   | 10392 ||| DROPPING +0 robe.
 10393 | Lair:3   | 10393 ||| UPGRADING to scarf of repulsion.
 10428 | Lair:4   | 10428 ||| INVOKING Finesse.
 10501 | Lair:4   | Reached skill level 15 in Dodging
 10553 | Lair:4   | 10553 ||| RETREEEEATING.
 10584 | Lair:4   | Received a gift from Okawaru
 10648 | Lair:4   | 10648 ||| RETREEEEATING.
 10650 | Lair:4   | 10650 ||| RETREEEEATING.
 10652 | Lair:4   | 10652 ||| RETREEEEATING.
 10674 | Lair:4   | 10674 ||| RETREEEEATING.
 10679 | Lair:4   | 10679 ||| RETREEEEATING.
 10681 | Lair:4   | 10681 ||| RETREEEEATING.
 10688 | Lair:4   | Reached skill level 15 in Ranged Weapons
 10696 | Lair:4   | 10696 ||| INVOKING Finesse.
 10711 | Lair:4   | Reached XP level 13. HP: 65/65 MP: 16/21
 11000 | Lair:4   | 11000 ||| RETREEEEATING.
 11008 | Lair:4   | 11008 ||| RETREEEEATING.
 11009 | Lair:4   | 11009 ||| RETREEEEATING.
 11010 | Lair:4   | 11010 ||| RETREEEEATING.
 11011 | Lair:4   | 11011 ||| RETREEEEATING.
 11012 | Lair:4   | 11012 ||| RETREEEEATING.
 11014 | Lair:4   | 11014 ||| RETREEEEATING.
 11015 | Lair:4   | 11015 ||| RETREEEEATING.
 11016 | Lair:4   | 11016 ||| RETREEEEATING.
 11019 | Lair:4   | 11019 ||| RETREEEEATING.
 11091 | Lair:4   | Found a transporter.
 11096 | Lair:4   | Noticed qw's ghost (journeyman DjHu)
 11131 | Lair:4   | Received a gift from Okawaru
 11147 | Lair:4   | Found a transporter.
 11294 | Lair:4   | 11294 ||| READING scroll of identify.
 11294 | Lair:4   | 11294 ||| IDENTIFYING inky potion
 11324 | Lair:5   | Entered Level 5 of the Lair of Beasts
 11327 | Lair:5   | 11327 ||| INVOKING Finesse.
 11330 | Lair:5   | 11330 ||| STAIRDANCE
 11364 | Lair:5   | 11364 ||| INVOKING Finesse.
 11414 | Lair:5   | 11414 ||| RETREEEEATING.
 11420 | Lair:5   | 11420 ||| RETREEEEATING.
 11421 | Lair:5   | 11421 ||| RETREEEEATING.
 11422 | Lair:5   | 11422 ||| RETREEEEATING.
 11423 | Lair:5   | 11423 ||| INVOKING Finesse.
 11494 | Lair:5   | 11494 ||| RETREEEEATING.
 11496 | Lair:5   | 11496 ||| RETREEEEATING.
 11575 | Lair:5   | 11575 ||| RETREEEEATING.
 11778 | Lair:5   | Found a viscous altar of Jiyva.
 11779 | Lair:5   | Found a staircase to the Slime Pits.
 11886 | Lair:5   | 11886 ||| RETREEEEATING.
 11946 | Lair:5   | 11946 ||| RETREEEEATING.
 11947 | Lair:5   | 11947 ||| RETREEEEATING.
 11950 | Lair:5   | 11950 ||| RETREEEEATING.
 11951 | Lair:5   | 11951 ||| RETREEEEATING.
 11953 | Lair:5   | 11953 ||| RETREEEEATING.
 11954 | Lair:5   | Reached ****** piety under Okawaru
 11978 | Lair:5   | 11978 ||| INVOKING Receive Weapon.
 11978 | Lair:5   | 11978 ||| ACQUIRING +1 heavy arbalest
 11978 | Lair:5   | Acquired a +1 heavy arbalest
 11978 | Lair:5   | Received a gift from Okawaru
 11979 | Lair:5   | 11979 ||| INVOKING Receive Armour.
 11979 | Lair:5   | 11979 ||| ACQUIRING +3 robe of Clouds {*Thunder rCloud
                  | rElec}
 11979 | Lair:5   | Acquired the +3 robe of Clouds {*Thunder rCloud rElec}
 11979 | Lair:5   | Received a gift from Okawaru
 11979 | Lair:5   | Found the +3 robe of Clouds {*Thunder rCloud rElec}
 11981 | Lair:5   | 11981 ||| SWAPPING to +1 heavy arbalest.
 11982 | Lair:5   | 11982 ||| DROPPING +1 orcbow of draining.
 11988 | Lair:5   | 11988 ||| INVOKING Finesse.
 12032 | Lair:5   | Received a gift from Okawaru
 12047 | Lair:5   | 12047 ||| RETREEEEATING.
 12048 | Lair:5   | 12048 ||| RETREEEEATING.
 12050 | Lair:5   | 12050 ||| RETREEEEATING.
 12054 | Lair:5   | 12054 ||| Stepping ~*~*~tactically~*~*~ (cloud).
 12055 | Lair:5   | 12055 ||| Stepping ~*~*~tactically~*~*~ (cloud).
 12061 | Lair:5   | 12061 ||| Stepping ~*~*~tactically~*~*~ (cloud).
 12062 | Lair:5   | 12062 ||| Stepping ~*~*~tactically~*~*~ (cloud).
 12065 | Lair:5   | HP: 1/67 [catoblepas (18)]
 12066 | Lair:5   | 12066 ||| READING 2 scrolls of teleportation.
 12066 | Lair:5   | Annihilated by a catoblepas

Levels and vault maps discovered:
D:1:      dpeg_arrival_pond, layout_basic, ebering_ecumenical_altar_petrified,
          grunt_decor_resistance, supply_closet_lemuel, minmay_strange_pillars,
          minivault_11
D:2:      layout_basic, minmay_between
D:3:      layout_basic, mainiacjoe_overflow_alcove_1, minmay_misc_feat_enclosed,
          grunt_ministairs_15
D:4:      layout_loops_ring, lemuel_zombie_altar_yredelemnul,
          lemuel_mausoleum_altar_kikubaaqudgha, kennysheep_cross_bottleneck
D:5:      layout_basic, temple_hall
D:6:      layout_loops_ring, kennysheep_mini
D:7:      layout_loops_cross, xom_teletrap_fun, minitemple, minmay_hedge_maze,
          uniq_prince_ribbit1, uniq_maurice
D:8:      layout_cave_pods, minmay_lair_entry_grove, serial_shops,
          nicolae_square_shop
Temple:   nicolae_temple_ecumenical_triangle
Lair:1:   layout_roguey, serial_bayou_shore_b, serial_bayou_shore_b,
          serial_bayou_shore_b
Lair:2:   layout_chaotic_city, portal_ice_cave_demonic_guard, wad_woods_road_01,
          hibernation_bobbens, grunt_megastairs_2, lemuel_fruit_fields,
          uniq_sonja, uniq_amaemon
Lair:3:   layout_gridlike, elwin_shoals_entry_rooms,
          nicolae_spider_entry_non_spiders, uniq_nergalle
Lair:4:   layout_loops_ring, nzn_ghost_randoct
Lair:5:   hangedman_lair_in_review, layout_loops_ring, guppyfry_lair_end_dragon,
          slime_entry_1, serial_bayou_shore_a

Skill      XL: |  1  2  3  4  5  6  7  8  9 10 11 12 13 |
---------------+----------------------------------------+-----
Dodging        | 3 4 5 6 7 9 11 12 13 15 16 | 16.8
Ranged Weapons | 5 6 7 8 10 12 13 15 16 | 16.0
Fighting       | 2 3 4 5 6 7 |  7.0
Invocations    | 4 6 9 10 | 10.0
Stealth        | |  1.5

Action                     |  1- 3 |  4- 6 |  7- 9 | 10-12 | 13-15 || total
---------------------------+-------+-------+-------+-------+-------++-------
   Fire: Shortbow          |   103 |   136 |    63 |       |       ||   302
         Orcbow            |       |       |   347 |   825 |   276 ||  1448
         Arbalest          |       |       |       |       |    35 ||    35
 Invoke: Heroism           |       |       |     1 |       |       ||     1
         Finesse           |       |       |       |    11 |     4 ||    15
         Receive Weapon    |       |       |       |       |     1 ||     1
         Receive Armour    |       |       |       |       |     1 ||     1
  Evoke: Wand              |       |       |       |     2 |       ||     2
    Use: Scroll            |    12 |     3 |     9 |     7 |     2 ||    33
         Potion            |       |     1 |     1 |     1 |       ||     3
 Armour: Robe              |     9 |    22 |    31 |    58 |    32 ||   152
  Dodge: Dodged            |    21 |    60 |   166 |   336 |   123 ||   706
         Repelled          |       |       |       |       |     1 ||     1

Table legend:
 A = Non-vault XP
 B = Vault XP
 C = Vault XP percentage of total XP
 D = Non-vault monster count
 E = Vault monster count
 F = Vault count percentage of total count
                 A         B        C        D         E       F
            +---------+---------+-------+---------+---------+-------
      Total |   41100 |   14891 |  26.6 |     299 |      73 |  19.6
            +---------+---------+-------+---------+---------+-------
        D:1 |      44 |       0 |   0.0 |      25 |       0 |   0.0
        D:2 |      29 |       6 |  17.1 |       8 |       3 |  27.3
        D:3 |     107 |      89 |  45.4 |      21 |       6 |  22.2
        D:4 |     839 |     575 |  40.7 |      31 |      14 |  31.1
        D:5 |     258 |       0 |   0.0 |      12 |       0 |   0.0
        D:6 |     757 |       0 |   0.0 |      25 |       0 |   0.0
        D:7 |     763 |     780 |  50.6 |      13 |       2 |  13.3
        D:8 |    1305 |    1994 |  60.4 |      28 |      11 |  28.2
     Lair:1 |    4057 |       0 |   0.0 |      20 |       0 |   0.0
     Lair:2 |    4026 |    4097 |  50.4 |      15 |      11 |  42.3
     Lair:3 |    8908 |    2333 |  20.8 |      28 |      12 |  30.0
     Lair:4 |   11798 |       0 |   0.0 |      46 |       0 |   0.0
     Lair:5 |    8209 |    5017 |  37.9 |      27 |      14 |  34.1
            +---------+---------+-------+---------+---------+-------
